 Dungeon Crawl Stone Soup version 0.30-a0-122-g2a1322497e (webtiles) character file.

Game seed: 13509797584781704561

73732 DEFE the Severer (level 16, -6/143 HPs)
             Began as a Meteoran Fighter on Sept 15, 2022.
             Was the Champion of Okawaru.
             Mangled by a red ugly thing (7 damage)
             ... on level 15 of the Dungeon.
             The game lasted 00:46:06 (8482 turns).

DEFE the Severer (Meteoran Fighter)                 Turns: 8482, Time: 00:46:07

Health: -6/143     AC: 21    Str: 34    XL:     16   Next: 38%
Magic:  24/24      EV: 10    Int: 11    God:    Okawaru [******]
Gold:   151        SH:  4    Dex: 12    Spells: 10/19 levels left

rFire   + . .      SeeInvis .    W - +1 broad axe (venom)
rCold   . . .      Faith    .    c - +0 buckler
rNeg    . . .      Spirit   .    l - +1 swamp dragon scales of Silly Music {rPois rF+ rCorr Stlth+}
rPois   +          Reflect  .    N - +1 hat {Will+}
rElec   .          Harm     .    F - +0 cloak
rCorr   +          Rampage  .    D - +1 pair of gloves of Immeg {Slay+4}
Will    +++++                    O - +2 pair of boots
Stlth   +.........               y - amulet of magic regeneration
HPRegen 0.33/turn                x - +6 ring of strength
MPRegen 0.59/turn                u - ring of Dishonesty {Fly Will++ Str+3 Dex-2}

@: flying, glowing, studying Throwing
A: sense surroundings 2, otherworldly, glowing, explore regen
a: Renounce Religion, Heroism, Finesse, Duel


You were on level 15 of the Dungeon.
You worshipped Okawaru.
Okawaru was exalted by your worship.
You visited 3 branches of the dungeon, and saw 22 of its levels.
You also visited: Bailey.

You collected 1477 gold pieces.
You spent 1326 gold pieces at shops.

Inventory:

Hand Weapons
 E - a +0 battleaxe
 M - the +9 morningstar of Symmetry {freeze, Str+4}
   (You found it on level 14 of the Dungeon)

   It freezes those it strikes, dealing additional cold damage.
   It can also slow down cold-blooded creatures.
   Str:       It affects your strength (+4).
 W - a +1 broad axe of venom (weapon)
Missiles
 g - 3 throwing nets
 L - 3 curare-tipped darts (quivered)
 R - 4 datura-tipped darts
Armour
 c - a +0 buckler (worn)
 i - the +15 Maxwell's patent armour {-Cast -Tele rElec Will+ rCorr}
   (Okawaru gifted it to you on level 15 of the Dungeon)

   rElec:     It insulates you from electricity.
   -Cast:     It prevents spellcasting.
   -Tele:     It prevents most forms of teleportation.
   rCorr:     It protects you from acid and corrosion.
   Will:      It increases your willpower.
 l - the +1 swamp dragon scales of Silly Music (worn) {rPois rF+ rCorr Stlth+}
   (Okawaru gifted it to you on level 2 of the Orcish Mines)

   rF:        It protects you from fire.
   rPois:     It protects you from poison.
   rCorr:     It protects you from acid and corrosion.
   Stlth:     It makes you more stealthy.
 D - the +1 pair of gloves of Immeg (worn) {Slay+4}
   (Okawaru gifted it to you on level 5 of the Lair of Beasts)

   Slay:      It affects your accuracy & damage with ranged weapons and melee
   (+4).
 F - a +0 cloak (worn)
 I - the +18 shield of the Gong {rElec rN+ Will+ EV-5}
   (You found it on level 8 of the Dungeon)

   It is deafeningly noisy when blocking attacks.
   EV:        It affects your evasion (-5).
   rElec:     It insulates you from electricity.
   rN:        It protects you from negative energy.
   Will:      It increases your willpower.
 N - a +1 hat of willpower (worn)
 O - a +2 pair of boots (worn)
Jewellery
 p - a ring of protection from fire
 u - the ring of Dishonesty (right hand) {Fly Will++ Str+3 Dex-2}
   (You bought it in a shop on level 14 of the Dungeon)

   [ring of flight]

   Str:       It affects your strength (+3).
   Dex:       It affects your dexterity (-2).
   Fly:       It grants you flight.
   Will:      It greatly increases your willpower.
 v - a ring of resist corrosion
 w - a +4 ring of evasion
 x - a +6 ring of strength (left hand)
 y - an amulet of magic regeneration (around neck)
 G - a +6 ring of strength
 K - a ring of poison resistance
Wands
 C - a wand of polymorph (4)
 T - a wand of paralysis (4)
 V - a wand of flame (7)
 Y - a wand of iceblast (5)
 Z - a wand of acid (1)
Scrolls
 b - a scroll of brand weapon
 d - a scroll of magic mapping
 f - 12 scrolls of teleportation
 j - a scroll of immolation
 n - 2 scrolls of fog
 o - 2 scrolls of enchant armour
 r - 2 scrolls of silence
 z - 3 scrolls of amnesia
 H - 3 scrolls of vulnerability
 P - a scroll of blinking
 S - 3 scrolls of enchant weapon
 U - 2 scrolls of fear
 X - 3 scrolls of poison
Potions
 a - 2 potions of haste
 e - 3 potions of brilliance
 h - 4 potions of curing
 k - 5 potions of flight
 m - 2 potions of attraction
 s - 2 potions of mutation
 t - a potion of resistance
 A - 2 potions of magic
 B - a potion of lignification
 J - a potion of berserk rage
 Q - 3 potions of might
Miscellaneous
 q - a lightning rod (4/4)


   Skills:
 + Level 13.1 Fighting
 + Level 17.4 Axes
 + Level 14.7 Armour
 - Level 3.6 Shields
 + Level 2.4 Spellcasting
 + Level 2.0 Necromancy
 - Level 5.1 Translocations
 + Level 2.1 Transmutations
 - Level 10.0 Invocations
 - Level 15.0 Evocations


You had 10 spell levels left.
You knew the following spells:

 Your Spells              Type           Power      Damage    Failure   Level
a - Apportation           Tloc           24%        N/A       5%          1
b - Necromutation         Tmut/Necr      2%         N/A       100%        8

Your spell library contained the following spells:

 Spells                   Type           Power      Damage    Failure   Level
 Blink                    Tloc           24%        N/A       9%          2
 Gell's Gravitas          Tloc           12%        N/A       17%         3
 Teleport Other           Tloc           12%        N/A       17%         3
 Sting                    Tmut/Pois      12%        1d3       28%         1
 Magic Dart               Conj           4%         1d3       41%         1
 Portal Projectile        Hex/Tloc       12%        N/A       43%         3
 Manifold Assault         Tloc           12%        N/A       50%         4
 Poisonous Vapours        Pois/Air       2%         N/A       56%         2
 Mephitic Cloud           Conj/Pois/Air  1%         N/A       80%         3
 Leda's Liquefaction      Hex/Erth       0%         N/A       99%         4
 Olgreb's Toxic Radiance  Pois           1%         N/A       99%         4
 Alistair's Intoxication  Tmut/Pois      2%         N/A       100%        5
 Dispersal                Tloc           6%         N/A       100%        6
 Eringya's Noxious Bog    Tmut/Pois      1%         N/A       100%        6
 Storm Form               Tmut/Air       1%         N/A       100%        7
 Borgnjor's Revivificati  Necr           2%         N/A       100%        8
 Death's Door             Necr           2%         N/A       100%        9
 Call Imp                 Summ           Unusable   N/A       N/A         2
 Call Canine Familiar     Summ           Unusable   N/A       N/A         3

Dungeon Overview and Level Annotations

Branches:
Dungeon (15/15) Zot: 3542  Temple (0/1) D:7            Lair (5/5) D:10 Zot: 1083
 Shoals (0/4) Lair:3        Snake (0/4) Lair:3        Slime (0/5) Lair:4
    Orc (2/2) D:10 Zot: 479     Elf (0/3) Orc:2        Depths (0/4) D:15
 Bailey (visited)
 Vaults: D:13-14

Altars:
Ashenzari
Fedhas
Makhleb
Okawaru
Trog
Uskayaw
Vehumet
The Shining One
Jiyva

Shops:
D:7 :   D:14 =(   Orc:2 *?*=[==(

Portals:
Pandemonium: Orc:2

Annotations:
D:7 exclusion: oklob sapling
D:10 3 runed translucent doors, fjbfvn's ghost, journeyman SpEn
Lair:2 Engwar's ghost, journeyman FeSu
Lair:3 3 runed translucent doors, Ydonikav's ghost, journeyman GnHu


Innate Abilities, Weirdness & Mutations

You passively map the area around you.
You are easily found by Zot.
You glow in the dark.
You regain HP and MP as you explore.


Message History

You closely miss the white ugly thing.
Unknown command.
Unknown command.
You slice the white ugly thing!!
The white ugly thing looks as sick as possible!
You slash the brown ugly thing!
The brown ugly thing looks as sick as possible!
You block the brown ugly thing's attack.
The white ugly thing trunk-slaps you but does no damage.
Unknown command.
You slash the white ugly thing! You closely miss the brown ugly thing.
The brown ugly thing basks in the mutagenic energy from its kin and changes!
The white ugly thing trunk-slaps you.
* * * LOW HITPOINT WARNING * * *
The white ugly thing freezes you!
* * * LOW HITPOINT WARNING * * *
Unknown command.
You take 18 damage, and have 4/143 hp.
Unknown command.
You slash the white ugly thing!
The white ugly thing looks as sick as possible!
You hit the red ugly thing.
The red ugly thing looks as sick as possible!
Unknown command.
You slash the red ugly thing!
You kill the red ugly thing!
Okawaru accepts your kill.
You hit the white ugly thing but do no damage.
The white ugly thing looks as sick as possible!
You kill the white ugly thing!
Okawaru accepts your kill.
Your Necromancy skill increases to level 2!
Unknown command.
You slice the red ugly thing!!
The red ugly thing is poisoned.
Unknown command.
You slice the red ugly thing!! You hit the brown ugly thing.
The brown ugly thing is poisoned.
The red ugly thing tail-slaps you.
* * * LOW HITPOINT WARNING * * *
You are engulfed in flames!
You resist.
You die...

, , .. ,,, * , , ,
.#####.# * , , * .........
,, , ,, , * ........., #*
.... , , .......... .##
...##*,** ,,, ,.......
..#..,....., , ,
,*,,,...?.†.###.####...
##.** , , ,
........uu#..⌠#.. .., ,
........#@.(..#.#####.####
....##Cu#.#)..#.....#.....
*, , ._.
#..#..#.#[#.#..#..### , ,
. ...#.....#...#.#..... *
,....#####.#.....#..... *
......, ..#>..#....).. ,
....... #..####.###.)#+ ,*
, , #......#....... , ,
#.##.#.......#.


You could see 2 ugly things.

Vanquished Creatures
  Gastronok (Orc:1)
  Snorg (Orc:2)
  The ghost of Smoky173 the Fighter, a journeyman DsGl of Yredelemnul (Orc:1)
  An ettin (D:15)
  Erolcha (D:12)
  3 hydras
  3 demonspawn (Orc:2)
  A centaur warrior (D:14)
  3 two-headed ogres
  A merfolk avatar (Lair:5)
  3 boulder beetles
  2 tengu warriors (D:15)
  9 orc high priests (Orc:2)
  Amaemon (D:10)
  Nergalle (D:12)
  A sixfirhy (Orc:2)
  A sea snake (Lair:5)
  A wizard (D:15)
  A deep elf pyromancer (D:12)
  A necromancer (D:15)
  6 orc sorcerers
  5 orc knights (Orc:2)
  3 ugly things (D:15)
  2 manticores
  A salamander (shapeshifter) (D:13)
  2 cyclopes
  10 elephants
  4 black mambas
  2 smoke demons (Orc:2)
  4 molten gargoyles (D:13)
  A torpor snail (Lair:1)
  5 cane toads
  2 vault sentinels (D:8)
  3 gargoyles (D:12)
  An orange demon (D:10)
  5 rime drakes
  3 unseen horrors
  2 komodo dragons (Lair:5)
  A tengu conjurer (D:13)
  A hellwing (Orc:2)
  3 trolls
  2 hornets
  7 polar bears
  3 wind drakes (Lair:5)
  10 blink frogs
  20 dream sheep
  A shadow (D:11)
  4 wyverns
  A vampire (D:10)
  47 yaks
  2 wraiths
  7 vampire mosquitoes (D:12)
  6 basilisks
  Menkaure (D:6)
  2 steam dragons
  A warg (Orc:1)
  3 acid dragons
  Edmund (D:6)
  4 nagas (Lair:3)
  10 water moccasins
  2 floating eyes (shapeshifter) (D:15)
  A spectral troll (Orc:1)
  35 orc warriors
  A swamp drake (Lair:4)
  A sky beast (D:7)
  3 black bears
  An ice beast (D:6)
  14 wolves
  7 ogres
  An orc simulacrum (Orc:1)
  A phantom (D:4)
  3 centaurs
  5 kobold brigands (Bailey)
  10 bullfrogs
  6 scorpions
  A necrophage (D:8)
  A gnoll sergeant (D:6)
  A spectral warg (Orc:1)
  12 wights
  16 killer bees
  2 electric eels (Lair:3)
  3 howler monkeys (D:13)
  2 lava snakes (Lair:3)
  3 jellies
  3 hounds
  23 orc priests
  An iguana (D:2)
  6 orc wizards
  4 spectral orcs (Orc:1)
  5 gnolls (D:6)
  5 adders
  A white imp (D:5)
  2 dart slugs
  A worm (D:2)
  56 orcs
  5 bats
  2 endoplasms
  4 giant cockroaches
  7 goblins
  10 hobgoblins
  8 jackals (D:2)
  6 quokkas
  2 ball pythons (D:2)
  A frilled lizard (D:1)
  11 kobolds
  24 rats
554 creatures vanquished.

Vanquished Creatures (others)
  A black mamba (Lair:4)
  An orc (Orc:2)
  A kobold (Bailey)
  A frilled lizard (D:2)
  32 fungi
  47 plants
83 creatures vanquished.

Grand Total: 637 creatures vanquished

Notes
Turn   | Place    | Note
-------+----------+-------------------------------------------
     0 | D:1      | DEFE the Meteoran Fighter began the quest for the Orb.
     0 | D:1      | Reached XP level 1. HP: 19/19 MP: 2/2
    37 | D:1      | Reached skill level 3 in Axes
    37 | D:1      | Reached XP level 2. HP: 26/26 MP: 3/3
   205 | D:2      | Reached XP level 3. HP: 17/31 MP: 4/4
   250 | D:2      | Reached skill level 4 in Axes
   342 | D:2      | Reached XP level 4. HP: 38/38 MP: 5/5
   393 | D:2      | Reached skill level 5 in Axes
   424 | D:2      | Reached XP level 5. HP: 26/45 MP: 6/6
   471 | D:3      | Found an iron altar of Okawaru.
   483 | D:3      | Became a worshipper of Warmaster Okawaru
   596 | D:3      | Reached skill level 1 in Invocations
   609 | D:3      | Reached skill level 6 in Axes
   631 | D:3      | Found a faded altar of an unknown god.
   643 | D:3      | Learned a level 1 spell: Apportation
   787 | D:4      | Reached XP level 6. HP: 49/51 MP: 8/8
   837 | D:4      | Found a bloodstained altar of Trog.
   895 | D:4      | Reached * piety under Okawaru
   896 | D:4      | Reached XP level 7. HP: 38/57 MP: 10/10
   960 | D:4      | Reached skill level 7 in Axes
  1049 | D:5      | Entered Level 5 of the Dungeon
  1065 | D:5      | Reached skill level 5 in Invocations
  1146 | D:5      | Reached skill level 8 in Axes
  1146 | D:5      | Reached XP level 8. HP: 49/63 MP: 11/13
  1316 | D:5      | Found a radiant altar of Vehumet.
  1440 | D:6      | Reached ** piety under Okawaru
  1441 | D:6      | Reached skill level 9 in Axes
  1441 | D:6      | Reached skill level 1 in Evocations
  1528 | D:6      | Gained mutation: You passively map the area around you.
                  | [Meteoran growth]
  1528 | D:6      | Reached XP level 9. HP: 60/70 MP: 15/15
  1563 | D:6      | Noticed Menkaure
  1569 | D:6      | Killed Menkaure
  1597 | D:6      | Found a burning altar of Makhleb.
  1598 | D:6      | Noticed a green death
  1624 | D:6      | Noticed Edmund
  1635 | D:6      | Killed Edmund
  1781 | D:7      | Found Udwulage's Self-Improvement Boutique.
  1790 | D:7      | Reached skill level 10 in Axes
  1803 | D:7      | Reached skill level 5 in Evocations
  1832 | D:7      | Reached *** piety under Okawaru
  1863 | D:7      | Reached XP level 10. HP: 45/77 MP: 18/18
  2044 | D:7      | Found a staircase to the Ecumenical Temple.
  2209 | D:8      | Noticed a vault sentinel
  2209 | D:8      | Noticed a vault sentinel
  2232 | D:8      | Killed a vault sentinel
  2233 | D:8      | Reached skill level 11 in Axes
  2233 | D:8      | Reached skill level 10 in Invocations
  2245 | D:8      | Killed a vault sentinel
  2246 | D:8      | Reached skill level 5 in Armour
  2275 | D:8      | Found the +18 shield of the Gong {rElec rN+ Will+ EV-5}
  3180 | D:9      | Reached **** piety under Okawaru
  3255 | D:9      | Reached XP level 11. HP: 44/85 MP: 19/19
  3268 | D:9      | Reached skill level 12 in Axes
  3303 | D:9      | Reached skill level 5 in Fighting
  3337 | D:9      | Found a broken altar of Ashenzari.
  3389 | D:9      | Found a flagged portal.
  3390 | D:9      | Reached ***** piety under Okawaru
  3404 | Bailey   | Entered a bailey
  3469 | Bailey   | Found the +8 arc blade {discharge, rElec}
  3470 | Bailey   | Found a bloodstained altar of Trog.
  3629 | D:10     | Entered Level 10 of the Dungeon
  3630 | D:10     | Found a staircase to the Lair.
  3713 | D:10     | Got Sif Muna's Meditations on Shapes
  3785 | D:10     | Noticed a two-headed ogre
  3794 | D:10     | Killed a two-headed ogre
  3794 | D:10     | Received a gift from Okawaru
  3809 | D:10     | Found a runed translucent gate.
  3810 | D:10     | Found a runed translucent gate.
  3811 | D:10     | Found a runed translucent gate.
  3830 | D:10     | Noticed Amaemon
  3841 | D:10     | Killed Amaemon
  3846 | D:10     | Reached skill level 13 in Axes
  3846 | D:10     | Reached XP level 12. HP: 35/97 MP: 20/20
  3857 | D:10     | Noticed fjbfvn's ghost (journeyman SpEn)
  3885 | D:10     | Identified the +0 ring mail of Ashenzari, Burning {rC+ rN+
                  | Dex+6}
  4016 | Lair:1   | Entered Level 1 of the Lair of Beasts
  4020 | Lair:1   | Noticed a boulder beetle
  4034 | Lair:1   | Killed a boulder beetle
  4109 | Lair:1   | Reached skill level 10 in Evocations
  4286 | Lair:1   | You fall into a shaft and drop 1 floor!
  4307 | Lair:2   | Identified the +7 shortbow of the Harvest {flame, rPois
                  | Will+} (Okawaru gifted it to you on level 2 of the Lair of
                  | Beasts)
  4307 | Lair:2   | Received a gift from Okawaru
  4390 | Lair:2   | Reached skill level 10 in Armour
  4395 | Lair:2   | Noticed Engwar's ghost (journeyman FeSu)
  4421 | Lair:2   | Reached skill level 14 in Axes
  4532 | Lair:2   | Reached XP level 13. HP: 91/108 MP: 21/21
  4606 | Lair:2   | Noticed a five-headed hydra
  4615 | Lair:2   | Killed a five-headed hydra
  4660 | Lair:3   | Found a runed translucent gate.
  4660 | Lair:3   | Found a runed translucent gate.
  4666 | Lair:3   | Found a runed translucent gate.
  4667 | Lair:3   | Noticed Ydonikav's ghost (journeyman GnHu)
  4667 | Lair:3   | Noticed a seven-headed hydra
  4708 | Lair:3   | Identified the +5 tower shield of Antique Wonder {rElec rF-
                  | Str-5 Slay+6} (Okawaru gifted it to you on level 3 of the
                  | Lair of Beasts)
  4708 | Lair:3   | Received a gift from Okawaru
  4797 | Lair:3   | Found a staircase to the Snake Pit.
  4883 | Lair:3   | Found a staircase to the Shoals.
  5047 | Lair:4   | Found a viscous altar of Jiyva.
  5047 | Lair:4   | Found a staircase to the Slime Pits.
  5162 | Lair:4   | Found a glowing golden altar of the Shining One.
  5263 | Lair:4   | Reached skill level 10 in Fighting
  5263 | Lair:4   | Reached skill level 15 in Axes
  5401 | Lair:5   | Entered Level 5 of the Lair of Beasts
  5449 | Lair:5   | Reached XP level 14. HP: 92/121 MP: 22/22
  5494 | Lair:5   | Reached ****** piety under Okawaru
  5527 | Lair:5   | Identified the +1 pair of gloves of Immeg {Slay+4} (Okawaru
                  | gifted it to you on level 5 of the Lair of Beasts)
  5527 | Lair:5   | Received a gift from Okawaru
  5748 | Lair:5   | Paralysed by a hornet for 2 turns
  5854 | Lair:5   | Reached skill level 16 in Axes
  6033 | D:11     | Identified the +1 ring mail of Calculation {-Tele rElec
                  | Regen+ rCorr} (Okawaru gifted it to you on level 11 of the
                  | Dungeon)
  6033 | D:11     | Received a gift from Okawaru
  6448 | D:12     | Noticed Sonja
  6450 | D:12     | Noticed Sonja
  6450 | D:12     | Sonja changed into Sonja the hornet
  6459 | D:12     | Killed Sonja the hornet
  6601 | D:12     | Noticed Nergalle
  6612 | D:12     | Killed Nergalle
  6613 | D:12     | Reached XP level 15. HP: 97/128 MP: 23/23
  6621 | D:12     | Found a hide-covered altar of Uskayaw.
  6688 | D:12     | Noticed Erolcha
  6696 | D:12     | Killed Erolcha
  6884 | D:10     | Found a staircase to the Orcish Mines.
  6895 | Orc:1    | Entered Level 1 of the Orcish Mines
  6964 | Orc:1    | Noticed Gastronok
  6980 | Orc:1    | Killed Gastronok
  6993 | Orc:1    | Found a runed translucent gate.
  6993 | Orc:1    | Found a runed translucent gate.
  6993 | Orc:1    | Found a runed translucent gate.
  6993 | Orc:1    | Noticed Smoky173's ghost (journeyman DsGl)
  7035 | Orc:1    | Killed Smoky173's ghost
  7091 | Orc:2    | Entered Level 2 of the Orcish Mines
  7091 | Orc:2    | Found Jeotal's Weapon Emporium.
  7128 | Orc:2    | Found Huxkel's Jewellery Shop.
  7151 | Orc:2    | Found Ykadusa's Jewellery Shop.
  7184 | Orc:2    | Noticed Snorg
  7196 | Orc:2    | Killed Snorg
  7197 | Orc:2    | Reached skill level 1 in Translocations
  7215 | Orc:2    | HP: 4/132 [sun demon[an orc high priest] (11)]
  7248 | Orc:2    | Found Ubiniy's General Store.
  7270 | Orc:2    | Bought a Necronomicon for 840 gold pieces
  7281 | Orc:2    | Learned a level 8 spell: Necromutation
  7341 | Orc:2    | Found a staircase to the Elven Halls.
  7398 | Orc:2    | Found Guanua's General Store.
  7411 | Orc:2    | Found Viaguis's Magic Scroll Boutique.
  7442 | Orc:2    | Bought a scroll of identify for 20 gold pieces
  7443 | Orc:2    | Bought a scroll of identify for 20 gold pieces
  7443 | Orc:2    | Bought a scroll of identify for 20 gold pieces
  7443 | Orc:2    | Bought a scroll of identify for 20 gold pieces
  7504 | Orc:2    | Identified the +1 swamp dragon scales of Silly Music {rPois
                  | rF+ rCorr Stlth+} (Okawaru gifted it to you on level 2 of
                  | the Orcish Mines)
  7504 | Orc:2    | Received a gift from Okawaru
  7555 | Orc:2    | Reached skill level 17 in Axes
  7615 | Orc:2    | Found Ceim's Antique Armour Shoppe.
  7615 | Orc:2    | Found Haosk's Jewellery Emporium.
  7628 | Orc:2    | Found a one-way gate leading to the halls of Pandemonium.
  7646 | Orc:2    | Reached XP level 16. HP: 40/141 MP: 24/24
  7875 | D:13     | Reached skill level 5 in Translocations
  7875 | D:13     | Reached skill level 15 in Evocations
  8289 | D:14     | Reached skill level 1 in Spellcasting
  8289 | D:14     | Reached skill level 1 in Necromancy
  8289 | D:14     | Reached skill level 1 in Transmutations
  8308 | D:14     | Found Liwien's Weapon Shop.
  8338 | D:14     | Identified the +9 morningstar of Symmetry {freeze, Str+4}
  8354 | D:14     | Found Anaviceo's Jewellery Emporium.
  8357 | D:14     | Bought the ring of Dishonesty {Fly Will++ Str+3 Dex-2} for
                  | 406 gold pieces
  8383 | D:14     | You are sucked into a shaft and drop 1 floor!
  8383 | D:15     | Entered Level 15 of the Dungeon
  8431 | D:15     | Found a staircase to the Depths.
  8439 | D:15     | Received a gift from Okawaru
  8440 | D:15     | Found the +15 Maxwell's patent armour {-Cast -Tele rElec
                  | Will+ rCorr}
  8452 | D:15     | Found a blossoming altar of Fedhas.
  8457 | D:15     | Paralysed by a floating eye for 3 turns
  8478 | D:15     | HP: 4/143 [white ugly thing (15)]
  8482 | D:15     | HP: 1/143 [red ugly thing (4)]
  8482 | D:15     | Mangled by a red ugly thing

Illustrated notes

Levels and vault maps discovered:
D:1:      grunt_arrival_lava_bath, layout_rooms, minmay_tetromino_t2
D:2:      layout_loops_ring, minmay_fractal_squares_5
D:3:      layout_basic, mainiacjoe_overflow_boulevard,
          overflow_temple_1_default, hellmonk_ecumenical_altar_lost_god,
          minmay_rat_hole
D:4:      layout_basic, overflow_temple_1_default
D:5:      layout_loops_cross, general_overflow_altar, lemuel_flame_loot_1
D:6:      layout_basic, makhleb_altar_promises_db, uniq_prince_ribbit1,
          uniq_edmund, uniq_menkaure, uniq_crazy_yiuf_cottage
D:7:      layout_cave_pools, nzn_hepliaklqana_mist_gate,
          minmay_temple_entry_oklob, nicolae_shop_self_help
D:8:      layout_basic, kennysheep_cluttered_room, hellmonk_guarded_unrand_gong
D:9:      layout_long_grid, ashenzari_altar_1, enter_bailey_4
D:10:     layout_rooms, lair_entry_dummy, orc_0_dummy, gammafunk_ghost_spectres,
          patterned_corridor, uniq_amaemon
D:11:     layout_stronghold, serial_column_ruins, column_ruins_square_medium,
          column_ruins_columns_plus, column_ruins_grid_3,
          column_ruins_open_tiny, column_ruins_open_medium, column_ruins_grid_3,
          column_ruins_columns_dead_end, grunt_ogre_cave
D:12:     layout_rooms, kennysheep_diamond, uniq_sonja, uniq_nergalle,
          uniq_erolcha
D:13:     layout_roguey, minivault_8
D:14:     layout_loops_ring, skrybe_vaults_entry_preservation, serial_shops,
          shop, nicolae_lakefront_shop, shop, shop_fountains,
          nicolae_shop_behind_doors
D:15:     hangedman_depths_entry_civil_slaughter, layout_basic, fedhas_altar_3,
          grunt_ministairs_6, dispersion_dpeg
Lair:1:   layout_big_grid
Lair:2:   layout_long_grid, gammafunk_ghost_hive, lemuel_fruit_tree
Lair:3:   layout_chaotic_city, elwin_shoals_entry_rocks,
          minmay_snake_entry_guardpost_small, gammafunk_ghost_split,
          nicolae_lair_liquid_snakes, infiniplex_staircase_pool_2
Lair:4:   layout_loops_ring, dpeg_slime_entry_enclosed, basic_altar,
          guppyfry_lair_drakes, lemuel_fruit_fields
Lair:5:   gammafunk_lair_ancient_temple, layout_regular_city
Orc:1:    layout_caves, gammafunk_ghost_necromancy, uniq_urug, uniq_gastronok
Orc:2:    pf_orc_diabolical, layout_caves, serial_shops, shop, shop,
          nicolae_shop_behind_doors, nicolae_shop_bloodbath_and_beyond, shop,
          uniq_snorg

Skill      XL: |  1  2  3  4  5  6  7  8  9 10 11 12 13 14 15 16 |
---------------+-------------------------------------------------+-----
Axes           | 3 4 5 6 8 9 10 11 13 14 15 16 17 | 17.4
Invocations    | 2 3 5 7 9 10 | 10.0
Evocations     | 2 5 7 9 11 12 13 14 15 | 15.0
Armour         | 6 8 10 11 13 14 | 14.7
Fighting       | 4 6 8 10 11 12 13 | 13.1
Translocations | 4 5 |  5.1
Spellcasting   | 2 |  2.4
Necromancy     | 2 |  2.0
Transmutations | 2 |  2.1
Shields        | |  3.6

Action                   |  1- 3 |  4- 6 |  7- 9 | 10-12 | 13-15 | 16-18 || total
-------------------------+-------+-------+-------+-------+-------+-------++-------
Melee: War axe           |    77 |   121 |   150 |   288 |       |       ||   636
       Broad axe         |       |       |       |   157 |   693 |    98 ||   948
       Morningstar       |       |       |       |       |     9 |     4 ||    13
Throw: Throwing net      |       |       |     1 |       |       |       ||     1
       Dart              |       |       |     2 |     3 |     1 |       ||     6
Invok: Heroism           |       |       |    10 |    23 |    24 |     4 ||    61
       Finesse           |       |       |       |     2 |     5 |       ||     7
Evoke: Lightning rod     |       |     1 |     3 |       |     5 |       ||     9
       Wand              |       |       |       |     4 |     7 |     1 ||    12
  Use: Potion            |       |     1 |       |     6 |     7 |       ||    14
       Scroll            |       |     2 |     2 |     8 |    18 |       ||    30
Armor: Scale mail        |    27 |    10 |       |       |       |       ||    37
       Plate armour      |       |    70 |    94 |   203 |   330 |       ||   697
       Swamp dragon scal |       |       |       |       |    15 |    67 ||    82
Dodge: Dodged            |    37 |    27 |   102 |   188 |   272 |    44 ||   670
Block: Buckler           |    19 |    37 |    46 |   117 |   154 |    23 ||   396

Table legend: (Time is in decaauts)
 A = Elapsed time spent in this place.
 B = Non-inter-level travel time spent in this place.
 C = Inter-level travel time spent in this place.
 D = Time resting spent in this place.
 E = Time spent auto-exploring this place.
 F = Levels seen in this place.
 G = Mean time per level.
                   A        B        C        D        E       F      G
               +--------+--------+--------+--------+--------+-----+--------+
         Total |   8195 |   7522 |    673 |    555 |    120 |  23 |  356.3 |
       Dungeon |   5457 |   5092 |    365 |    519 |     93 |  15 |  363.8 |
          Lair |   1916 |   1694 |    222 |     20 |     27 |   5 |  383.2 |
  Orcish Mines |    720 |    635 |     85 |     16 |      0 |   2 |  360.0 |
        Bailey |    101 |    101 |      0 |      0 |      0 |   1 |  101.0 |
               +--------+--------+--------+--------+--------+-----+--------+

Top non-repeatable levels by time:
     D:8: 904 daAuts
    D:11: 589 daAuts
   Orc:2: 523 daAuts
  Lair:5: 485 daAuts
    D:10: 438 daAuts
     D:7: 414 daAuts
    D:13: 389 daAuts
  Lair:4: 387 daAuts
  Lair:2: 370 daAuts
     D:6: 366 daAuts
     D:9: 366 daAuts
  Lair:3: 365 daAuts
     D:5: 342 daAuts
     D:4: 321 daAuts
  Lair:1: 307 daAuts
